 Dungeon Crawl Stone Soup version 0.29-a0-723-gce39da1c22 (webtiles) character file.

Game seed: 4792519847113011231

21404 inmateoo the Thaumaturge (level 13, -9/96 HPs)
             Began as a Djinni Earth Elementalist on June 28, 2022.
             Was a Priest of Makhleb.
             Killed from afar by Jorgrun (21 damage)
             ... with an iron shot
             ... on level 13 of the Dungeon.
             The game lasted 00:26:03 (18492 turns).

inmateoo the Thaumaturge (DjEE)                    Turns: 18492, Time: 00:26:04

Health: -9/96      AC:  9    Str:  7    XL:     13   Next: 19%
Gold:   267        EV: 16    Int: 21    God:    Makhleb [***...] SH:  0 Dex: 18

rFire   + + .      SeeInvis .   c - staff of earth
rCold   . . .      Faith    .   (no shield)
rNeg    . . .      Spirit   .   z - +0 acid dragon scales
rPois   ∞          Reflect  .   a - +0 helmet
rElec   .          Harm     .   w - +0 cloak
rCorr   +          Rampage  .   A - +0 pair of gloves {Dex+3}
Will    +....                   (boots unavailable)
Stlth   +++.......              y - amulet of the acrobat
HPRegen 0.26/turn               v - ring of wizardry
MPRegen 0.00/turn               C - ring of protection from cold

@: flying, studying Spellcasting
A: sickness immunity, fire resistance 2, cold vulnerability 1, float, innate
caster, HP casting, extra vitality 1
a: Renounce Religion, Minor Destruction, Lesser Servant of Makhleb


You were on level 13 of the Dungeon.
You worshipped Makhleb.
Makhleb was most pleased with you.
You visited 3 branches of the dungeon, and saw 16 of its levels.
You also visited: Sewer.

You collected 1442 gold pieces.
You spent 1175 gold pieces at shops.

Inventory:

Missiles
 E - 3 curare-tipped darts (quivered)
Armour
 a - a +0 helmet (worn)
 w - a +0 cloak (worn)
 z - +0 acid dragon scales (worn)
 A - a +0 pair of gloves of dexterity (worn)
Magical Staves
 c - a staff of earth (weapon)
Jewellery
 h - a +4 ring of protection
 v - a ring of wizardry (left hand)
 y - an amulet of the acrobat (around neck)
 C - a ring of protection from cold (right hand)
Wands
 l - a wand of digging (7)
 m - a wand of flame (49)
 n - a wand of quicksilver (6)
 x - a wand of iceblast (14)
 D - a wand of polymorph (3)
 F - a wand of mindburst (10)
 G - a wand of paralysis (1)
Scrolls
 g - 3 scrolls of silence
 i - 2 scrolls of blinking
 o - 4 scrolls of fear
 p - 4 scrolls of teleportation
 t - a scroll of identify
 B - 3 scrolls of enchant armour
Potions
 b - 3 potions of berserk rage
 d - 3 potions of brilliance
 e - 7 potions of curing
 f - 5 potions of mutation
 j - 5 potions of might
 k - 9 potions of heal wounds {unknown}
 q - 3 potions of resistance
 r - 5 potions of haste
 s - 3 potions of invisibility
 u - a potion of cancellation


   Skills:
 - Level 10.0 Fighting
 - Level 10.0 Dodging
 - Level 5.0 Stealth
 + Level 11.5 Spellcasting
 - Level 6.0 Invocations


You had 7 spell levels left.
You knew the following spells:

 Your Spells              Type           Power      Damage    Failure   Level
a - Sandblast             Erth           100%       2d20      1%          1
b - Stone Arrow           Conj/Erth      100%       3d13      1%          3
c - Passwall              Tmut/Erth      61%        N/A       1%          2
d - Petrify               Tmut/Erth      74%        N/A       1%          4
e - Apportation           Tloc           100%       N/A       1%          1
f - Static Discharge      Conj/Air       57%        N/A       1%          2
g - Conjure Flame         Conj/Fire      57%        6-21      1%          3
h - Frozen Ramparts       Ice            100%       1d12      1%          3
i - Flame Wave            Conj/Fire      57%        2d11      1%          4
j - Borgnjor's Vile Clut  Necr/Erth      37%        N/A       1%          5
Your spell library was empty.

Dungeon Overview and Level Annotations

Branches:
Dungeon (13/15)            Temple (1/1) D:6            Lair (0/6) D:11
    Orc (2/2) D:9           Sewer (visited)
    Elf: Orc:2       Vaults: D:13-14

Altars:
Ashenzari
Cheibriados
Dithmenos
Elyvilon
Fedhas
Gozag
Hepliaklqana
Kikubaaqudgha
Makhleb
Nemelex Xobeh
Okawaru
Qazlal
Ru
Sif Muna
Trog
Uskayaw
Vehumet
Wu Jian
Xom
Yredelemnul
Zin
The Shining One

Shops:
D:5 *:[?(   D:7 ?   D:10 *

Annotations:
D:13 Jorgrun


Innate Abilities, Weirdness & Mutations

You are immune to sickness and miasma.
You are immune to poison.
Your flesh is very heat resistant. (rF++)
You are vulnerable to cold. (rC-)
You float through the air rather than walking.
You learn spells naturally, not from books.
Your magical power is your life essence.
You have superior vitality. (+4 MHP)


Message History

Casting: Borgnjor's Vile Clutch (dangerous; 1% risk of failure)
Confirm with . or Enter, or press ? or * to list all spells.
Aiming: Borgnjor's Vile Clutch (dangerous; 1% risk of failure)
Press: ? - help, Shift-Dir - straight line, f - Jorgrun
Aim: Jorgrun, wielding a +0 vorpal quarterstaff and wearing a +2 robe of positive energy (100% to hit)
You feel a surge of power!
Zombie hands grab Jorgrun.
The zombie hands constrict Jorgrun.
Jorgrun hits you with a +0 vorpal quarterstaff!
Casting: Borgnjor's Vile Clutch (dangerous; 1% risk of failure)
Confirm with . or Enter, or press ? or * to list all spells.
Aiming: Stone Arrow (safe; 1% risk of failure)
Press: ? - help, Shift-Dir - straight line, f/p - Jorgrun
Aim: Jorgrun, wielding a +0 vorpal quarterstaff and wearing a +2 robe of positive energy (lightly wounded, constricted by zombie hands, 98% to hit)
You feel a surge of power!
The stone arrow hits Jorgrun!
Jorgrun is lightly wounded.
The zombie hands constrict Jorgrun.
Jorgrun barely misses you.
Casting: Stone Arrow (safe; 1% risk of failure)
Confirm with . or Enter, or press ? or * to list all spells.
Aiming: Stone Arrow (safe; 1% risk of failure)
Press: ? - help, Shift-Dir - straight line, f/p - Jorgrun
Aim: Jorgrun, wielding a +0 vorpal quarterstaff and wearing a +2 robe of positive energy (lightly wounded, constricted by zombie hands, 98% to hit)
You feel a surge of power!
The stone arrow hits Jorgrun!!
Jorgrun is moderately wounded.
The zombie hands constrict Jorgrun.
Jorgrun gestures at you while chanting. The iron shot hits you!!!
Ouch! That really hurt!
* * * LOW HITPOINT WARNING * * *
Casting: Stone Arrow (safe; 1% risk of failure)
Confirm with . or Enter, or press ? or * to list all spells.
Aiming: Stone Arrow (safe; 1% risk of failure)
Press: ? - help, Shift-Dir - straight line, f/p - Jorgrun
Aim: Jorgrun, wielding a +0 vorpal quarterstaff and wearing a +2 robe of positive energy (moderately wounded, constricted by zombie hands, 98% to hit)
You feel a surge of power!
The stone arrow misses Jorgrun.
* * * LOW HITPOINT WARNING * * *
The zombie hands constrict Jorgrun!!
Jorgrun casts a spell at you. The iron shot hits you!!
You die...

######+####
#.........#
#.........+
#.........##
#...........
#....?....#
#...g.....#
#...@.....#
#........)#
########..#
.#


You could see Jorgrun (clutched).

Vanquished Creatures
  A boulder beetle (D:12)
  4 two-headed ogres
  3 death yaks
  Lodul (D:12)
  An orc knight (Orc:1)
  3 ugly things (D:12)
  2 orc sorcerers
  Maurice (D:8)
  2 cyclopes
  Joseph (D:8)
  A molten gargoyle (Orc:1)
  Maggie (D:7)
  Prince Ribbit (D:7)
  7 trolls
  A shadow (D:11)
  A vampire (D:11)
  3 wyverns
  18 yaks
  6 vampire mosquitoes (D:11)
  2 wargs
  Menkaure (D:4)
  2 water moccasins
  A black bear (D:7)
  2 sky beasts
  2 ice beasts (D:6)
  13 orc warriors
  10 ogres
  6 centaurs
  2 kobold brigands
  3 phantoms
  A necrophage (D:2)
  A bullfrog (D:6)
  4 scorpions
  4 wights (D:10)
  5 killer bees (D:10)
  3 howler monkeys
  A jelly (D:7)
  3 hounds
  11 orc priests
  A gnoll shaman (D:7)
  3 iguanas
  11 orc wizards
  2 hell rats (D:11)
  17 gnolls
  7 adders
  A river rat (D:11)
  A white imp (D:6)
  6 worms
  A dart slug (D:3)
  64 orcs
  14 ball pythons
  11 endoplasms
  3 giant cockroaches
  3 goblins
  10 hobgoblins
  6 jackals
  4 quokkas
  11 bats
  4 frilled lizards
  20 kobolds
  15 rats
350 creatures vanquished.

Vanquished Creatures (others)
  A plant (Sewer)
1 creature vanquished.

Grand Total: 351 creatures vanquished

Notes
Turn   | Place    | Note
-------+----------+-------------------------------------------
     0 | D:1      | inmateoo the Djinni Earth Elementalist began the quest for
                  | the Orb.
     0 | D:1      | inmateoo set off with the following spells memorised:
                  | Sandblast, Passwall, Stone Arrow, Petrify.
     0 | D:1      | Reached XP level 1. HP: 15/15 MP: 0/0
   298 | D:1      | Reached XP level 2. HP: 17/21 MP: 0/0
   589 | D:1      | Reached XP level 3. HP: 9/26 MP: 0/0
   589 | D:1      | Learned a level 1 spell: Apportation
  1147 | D:1      | Reached skill level 1 in Fighting
  1870 | D:2      | Reached XP level 4. HP: 28/32 MP: 0/0
  2049 | D:2      | Noticed a necrophage
  2053 | D:2      | Killed a necrophage
  2054 | D:2      | Reached skill level 3 in Spellcasting
  2054 | D:2      | Reached XP level 5. HP: 31/38 MP: 0/0
  2054 | D:2      | Learned a level 2 spell: Static Discharge
  2417 | D:2      | Found a faded altar of an unknown god.
  2753 | D:3      | Reached XP level 6. HP: 21/45 MP: 0/0
  3021 | D:3      | Found a glowing drain.
  3037 | Sewer    | Entered a sewer
  3708 | D:4      | Reached XP level 7. HP: 22/51 MP: 0/0
  3708 | D:4      | Learned a level 3 spell: Conjure Flame
  3905 | D:4      | Reached skill level 4 in Spellcasting
  4600 | D:4      | Found a glowing golden altar of the Shining One.
  4706 | D:4      | Found a broken altar of Ashenzari.
  4713 | D:4      | Noticed Menkaure
  4715 | D:4      | Killed Menkaure
  4716 | D:4      | Reached skill level 5 in Spellcasting
  4733 | D:4      | Reached XP level 8. HP: 45/58 MP: 0/0
  5118 | D:5      | Entered Level 5 of the Dungeon
  5137 | D:5      | Reached skill level 6 in Spellcasting
  5283 | D:5      | Found Riucioh's General Store.
  5645 | D:5      | Bought a scroll of identify for 22 gold pieces
  5645 | D:5      | Bought a potion of haste for 110 gold pieces
  5703 | D:5      | Found Goacs's Book Shoppe.
  5826 | D:5      | Found Zicsaukk's Weapon Shop.
  5962 | D:5      | Reached skill level 7 in Spellcasting
  5964 | D:5      | Found Nyoluid's Armour Boutique.
  5981 | D:5      | Bought a +0 pair of gloves of dexterity for 149 gold pieces
  6095 | D:5      | Found Jayfuat's Magic Scroll Shop.
  6101 | D:5      | Bought a scroll of identify for 28 gold pieces
  6101 | D:5      | Bought a scroll of identify for 28 gold pieces
  6310 | D:6      | Reached XP level 9. HP: 56/62 MP: 0/0
  6310 | D:6      | Learned a level 3 spell: Frozen Ramparts
  6636 | D:6      | Noticed a troll
  6638 | D:6      | Killed a troll
  6677 | D:6      | Found a staircase to the Ecumenical Temple.
  6686 | Temple   | Entered the Ecumenical Temple
  6966 | Temple   | Became a worshipper of Makhleb the Destroyer
  7350 | D:7      | Reached skill level 5 in Fighting
  7385 | D:7      | Noticed Prince Ribbit
  7389 | D:7      | Killed Prince Ribbit
  7390 | D:7      | Reached skill level 5 in Dodging
  7692 | D:7      | Reached XP level 10. HP: 66/72 MP: 0/0
  7869 | D:7      | Reached skill level 5 in Stealth
  8151 | D:7      | Found Buraefou's Magic Scroll Shop.
  8260 | D:7      | Noticed Maggie
  8268 | D:7      | Killed Maggie
  8269 | D:7      | Reached skill level 8 in Spellcasting
  8557 | D:7      | Reached * piety under Makhleb
  8807 | D:8      | Found a sacrificial altar of Ru.
  9287 | D:8      | Noticed Maurice
  9296 | D:8      | Killed Maurice
  9485 | D:8      | Noticed Joseph
  9492 | D:8      | Killed Joseph
 10427 | D:9      | Found a staircase to the Orcish Mines.
 10688 | D:9      | Reached skill level 9 in Spellcasting
 10700 | D:9      | Reached XP level 11. HP: 48/79 MP: 0/0
 10700 | D:9      | Learned a level 4 spell: Flame Wave
 11147 | D:9      | Reached skill level 10 in Spellcasting
 11517 | D:9      | Reached ** piety under Makhleb
 11518 | D:9      | Reached skill level 1 in Invocations
 11560 | D:9      | Noticed a two-headed ogre
 11566 | D:9      | Killed a two-headed ogre
 11787 | D:10     | Entered Level 10 of the Dungeon
 11787 | D:10     | Noticed a two-headed ogre
 11791 | D:10     | Killed a two-headed ogre
 11844 | D:10     | Noticed a two-headed ogre
 11849 | D:10     | Killed a two-headed ogre
 12565 | D:10     | Found Ilukh's General Store.
 12570 | D:10     | Bought a scroll of fear for 38 gold pieces
 12806 | D:11     | Noticed a death yak
 12806 | D:11     | Noticed a death yak
 12806 | D:11     | Found a staircase to the Lair.
 12809 | D:11     | Noticed a death yak
 12814 | D:10     | Killed a death yak
 12815 | D:10     | Reached XP level 12. HP: 63/86 MP: 0/0
 13158 | D:11     | Reached *** piety under Makhleb
 13318 | D:10     | Killed a death yak
 13394 | D:11     | Killed a death yak
 13873 | D:11     | Reached skill level 5 in Invocations
 14549 | Orc:1    | Entered Level 1 of the Orcish Mines
 14701 | Orc:1    | Paralysed by an orc sorcerer for 4 turns
 16288 | Orc:2    | Entered Level 2 of the Orcish Mines
 16619 | D:12     | Noticed Lodul
 16623 | D:12     | Noticed a two-headed ogre
 16625 | D:12     | Killed Lodul
 16626 | D:12     | Reached skill level 11 in Spellcasting
 16911 | D:12     | Killed a two-headed ogre
 17084 | D:12     | Reached **** piety under Makhleb
 17117 | D:12     | Reached skill level 10 in Dodging
 17117 | D:12     | Reached XP level 13. HP: 91/94 MP: 0/0
 17117 | D:12     | Learned a level 5 spell: Borgnjor's Vile Clutch
 17171 | D:12     | Noticed a boulder beetle
 17214 | D:12     | Killed a boulder beetle
 17378 | D:12     | Reached skill level 10 in Fighting
 18026 | D:5      | Bought a manual of Spellcasting for 800 gold pieces
 18242 | D:13     | Noticed Jorgrun
 18492 | D:13     | Killed from afar by Jorgrun

Illustrated notes

Levels and vault maps discovered:
D:1:      spicycebolla_arrival_xxxplode, layout_basic, lemuel_another_geyser
D:2:      layout_basic, hellmonk_ecumenical_altar_inner_sanctum,
          nrook_mini_vaults, minmay_fractal_squares_5
D:3:      layout_loops_ring, cheibrodos_sewer_entry_drain
D:4:      layout_loops_ring, cheibrodos_ashenzari_chains, lemuel_doored_altar,
          uniq_menkaure
D:5:      layout_cave_pools, serial_shops, shop, nicolae_inconvenience_store,
          nicolae_shop_hallway_stairs, shop_scrolls,
          nicolae_shop_temple_entry_statues_fountains
D:6:      layout_basic, minmay_temple_entry_junction
D:7:      layout_loops_ring, serial_shops, nicolae_take_the_stairs,
          uniq_prince_ribbit1, uniq_maggie
D:8:      layout_layer_cave, mainiacjoe_overflow_concentric_impassable,
          uniq_maurice, uniq_joseph
D:9:      layout_loops_corners, orc_0_dummy
D:10:     layout_basic, serial_shops, nicolae_shop_stone
D:11:     minmay_skewed_foursquare, layout_long_grid, dpeg_lair_monsters,
          serial_co_window_serial, co_window_paths_b,
          co_window_of_opportunity_a, co_window_cross_1, co_window_paths_b,
          co_window_paths_a, co_window_cross_1, co_window_cross_1,
          co_window_cross_1, co_window_cross_1, co_window_broadway_b,
          co_window_corner_cb, glass_columns_a, glass_columns_b,
          glass_columns_c, glass_columns_b
D:12:     layout_roguey, kiku_gazebo_pond_becter, uniq_lodul
D:13:     layout_roguey, david_vaults_4, enter_trove_2, minmay_misc_feat_rugged,
          minmay_evil_grid, uniq_jorgrun
Temple:   compressed_dpeg_triangle_lava_temple
Orc:1:    layout_diamond_mine, nicolae_orc_lava_tube
Orc:2:    st_orc_mages, layout_diamond_mine, nicolae_volcano_entry_hallway,
          minmay_orc_barracks

Skill      XL: |  1  2  3  4  5  6  7  8  9 10 11 12 13 |
---------------+----------------------------------------+-----
Stealth        | 2 3 4 5 |  5.0
Fighting       | 1 2 3 4 5 7 8 9 10 | 10.0
Dodging        | 3 5 7 8 10 | 10.0
Spellcasting   | 3 5 7 9 10 11 | 11.5
Invocations    | 3 6 |  6.0

Action                   |  1- 3 |  4- 6 |  7- 9 | 10-12 | 13-15 || total
-------------------------+-------+-------+-------+-------+-------++-------
Melee: Unarmed           |     1 |       |       |       |       ||     1
       Staff             |     1 |     1 |     3 |     4 |       ||     9
Throw: Dart              |       |       |       |       |     4 ||     4
 Cast: Sandblast         |    48 |    79 |    30 |     7 |       ||   164
       Stone Arrow       |       |    17 |    85 |   299 |    33 ||   434
       Frozen Ramparts   |       |       |     1 |    11 |       ||    12
       Petrify           |       |       |       |     4 |       ||     4
       Flame Wave        |       |       |       |     2 |       ||     2
       Borgnjor's Vile C |       |       |       |       |     3 ||     3
  Use: Scroll            |     4 |     6 |     8 |     6 |       ||    24
Armor: Robe              |    11 |    12 |     6 |     2 |       ||    31
       Acid dragon scale |       |       |       |    24 |     2 ||    26
Dodge: Dodged            |    23 |    34 |    32 |    76 |    12 ||   177

Table legend: (Time is in decaauts)
 A = Elapsed time spent in this place.
 B = Non-inter-level travel time spent in this place.
 C = Inter-level travel time spent in this place.
 D = Time resting spent in this place.
 E = Time spent auto-exploring this place.
 F = Levels seen in this place.
 G = Mean time per level.
                   A        B        C        D        E       F      G
               +--------+--------+--------+--------+--------+-----+--------+
         Total |  18683 |  17631 |   1052 |   7496 |   7160 |  17 | 1099.0 |
       Dungeon |  16708 |  15725 |    983 |   6691 |   6608 |  13 | 1285.2 |
        Temple |    299 |    259 |     40 |      0 |    246 |   1 |  299.0 |
  Orcish Mines |   1301 |   1272 |     29 |    723 |    287 |   2 |  650.5 |
         Sewer |    373 |    373 |      0 |     82 |     19 |   1 |  373.0 |
               +--------+--------+--------+--------+--------+-----+--------+

Top non-repeatable levels by time:
     D:9: 2321 daAuts
    D:11: 1913 daAuts
     D:1: 1537 daAuts
     D:8: 1509 daAuts
     D:7: 1423 daAuts
     D:4: 1388 daAuts
   Orc:1: 1287 daAuts
    D:10: 1279 daAuts
    D:12: 1194 daAuts
     D:2: 1115 daAuts
     D:5: 1074 daAuts
     D:3: 983 daAuts
     D:6: 955 daAuts
   Sewer: 373 daAuts
  Temple: 299 daAuts
